MLB
BALTIMORE ORIOLES @ BOSTON RED SOX
06/09/2044
 
TOP OF THE 1ST
Baltimore Orioles batting - Pitching for Boston Red Sox : LHP Ragnar Danielsson
Pitching: LHP Ragnar Danielsson
Batting: RHB Andres Leon 0-0: Ball
1-0: Ball
2-0: Called Strike
2-1: Ball
3-1: Foul Ball, location: 2F
3-2: Ground out 6-3 (Groundball, 6S, EV 67.5 MPH)
Batting: RHB Marc Peckermark 0-0: Called Strike
0-1: Ball
1-1: Swinging Strike
1-2: Fly out, F7 (Flyball, 78XD, EV 81.9 MPH)
Batting: LHB Brad Pepin 0-0: Ball
1-0: Called Strike
1-1: Ball
2-1: Ball
3-1: DOUBLE (Line Drive, 89M, EV 110.0 MPH)
Batting: SHB Jason Hayes 0-0: Ball
1-0: Foul Ball, location: 2F
1-1: Reached on error, E5 (Groundball, 56, EV 88.1 MPH)
Brad Pepin scores
Batting: RHB Kevin Howard 0-0: Fly out, F7 (Flyball, 78D, EV 103.1 MPH)
Top of the 1st over - 1 run, 1 hit, 1 error, 1 left on base; Baltimore 1 - Boston 0
BOTTOM OF THE 1ST
Boston Red Sox batting - Pitching for Baltimore Orioles : LHP Randy Johnson Jr.
Pitching: LHP Randy Johnson Jr.
Batting: SHB Robbie Rogers 0-0: Foul Ball, location: 2F
0-1: Swinging Strike
0-2: Ball
1-2: SINGLE (Groundball, 4MD, EV 102.5 MPH)
Batting: LHB Xavier Pittman 0-0: Ball
1-0: Ball
2-0: Foul Ball, location: 2F
2-1: Grounds into double play, 5-4-3 (Groundball, 5, EV 83.8 MPH)
Batting: SHB Mark Rennie 0-0: Called Strike
0-1: Ball
1-1: Foul Ball, location: 2F
1-2: Ball
2-2: Ground out 6-3 (Groundball, 6, EV 78.8 MPH)
Bottom of the 1st over - 0 runs, 1 hit, 0 errors, 0 left on base; Baltimore 1 - Boston 0
TOP OF THE 2ND
Baltimore Orioles batting - Pitching for Boston Red Sox : LHP Ragnar Danielsson
Batting: RHB Alex Rodriguez Jr. 0-0: Ball
1-0: Ball
2-0: Called Strike
2-1: Ball
3-1: Base on Balls
Batting: LHB Bob Melley 0-0: Called Strike
Alex Rodriguez Jr. steals 2nd base
0-1: Ground out 4-3 (Groundball, 4, EV 98.1 MPH)
Alex Rodriguez Jr. to third
Batting: RHB Josh Hamilton 0-0: Ball
1-0: Ball
2-0: Called Strike
2-1: Swinging Strike
2-2: Ball
3-2: Fly out, F4 (Flyball, 3D, EV 79.4 MPH)
Batting: RHB Ruben Garza 0-0: Ball
1-0: Swinging Strike
1-1: Ball
2-1: Swinging Strike
2-2: Ball
3-2: Strikes out swinging
Top of the 2nd over - 0 runs, 0 hits, 0 errors, 1 left on base; Baltimore 1 - Boston 0
BOTTOM OF THE 2ND
Boston Red Sox batting - Pitching for Baltimore Orioles : LHP Randy Johnson Jr.
Batting: RHB Chris Lane 0-0: Ground out 6-3 (Groundball, 6M, EV 98.8 MPH)
Batting: SHB Rich Chavez 0-0: Called Strike
0-1: Ball
1-1: Swinging Strike
1-2: Ball
2-2: Strikes out swinging
Batting: RHB Manny Vergara 0-0: Ball
1-0: Foul Ball, location: 2F
1-1: Ball
2-1: Ball
3-1: Fly out, F4 (Popup, 34D, EV 62.5 MPH)
Bottom of the 2nd over - 0 runs, 0 hits, 0 errors, 0 left on base; Baltimore 1 - Boston 0
TOP OF THE 3RD
Baltimore Orioles batting - Pitching for Boston Red Sox : LHP Ragnar Danielsson
Batting: RHB Andres Leon 0-0: Foul Ball, location: 2F
0-1: Swinging Strike
0-2: SINGLE (Groundball, 56D, EV 100.6 MPH)
Batting: RHB Marc Peckermark 0-0: Called Strike
0-1: Ball
1-1: Ball
2-1: Ball
3-1: Fielders Choice at 2nd, 2-6 (Groundball, 13S, EV 68.1 MPH)
Batting: LHB Brad Pepin 0-0: Ball
1-0: Called Strike
1-1: Called Strike
Marc Peckermark steals 2nd base
1-2: Ball
2-2: Ground out 5-3 (Groundball, 5S, EV 71.3 MPH)
Marc Peckermark to third
Batting: SHB Jason Hayes 0-0: Ball
1-0: Called Strike
1-1: Ball
2-1: Foul Ball, location: 2F
2-2: Strikes out swinging
Top of the 3rd over - 0 runs, 1 hit, 0 errors, 1 left on base; Baltimore 1 - Boston 0
BOTTOM OF THE 3RD
Boston Red Sox batting - Pitching for Baltimore Orioles : LHP Randy Johnson Jr.
Batting: LHB Kevin McCormic Jr. 0-0: Called Strike
0-1: Ball
1-1: Foul Ball, location: 2F
1-2: Ball
2-2: Fly out, F7 (Flyball, 7D, EV 83.1 MPH)
Batting: RHB Nick Esteves 0-0: Ball
1-0: Called Strike
1-1: SINGLE (Groundball, 56D, EV 105.0 MPH)
Batting: SHB Brace Harper 0-0: Ball
1-0: Ball
2-0: Called Strike
2-1: Swinging Strike
2-2: Strikes out looking
Nick Esteves steals 2nd base
Batter strikes out.
Batting: SHB Robbie Rogers 0-0: Ball
1-0: Ground out 5-3 (Groundball, 5L, EV 90.6 MPH)
Bottom of the 3rd over - 0 runs, 1 hit, 0 errors, 1 left on base; Baltimore 1 - Boston 0
TOP OF THE 4TH
Baltimore Orioles batting - Pitching for Boston Red Sox : LHP Ragnar Danielsson
Batting: RHB Kevin Howard 0-0: Ball
1-0: Ball
2-0: Ball
3-0: Called Strike
3-1: Foul Ball, location: 2F
3-2: SOLO HOME RUN (Flyball, 8RXD, EV 101.9 MPH), Distance : 420 ft
Batting: RHB Alex Rodriguez Jr. 0-0: Swinging Strike
0-1: Foul Ball, location: 2F
0-2: Foul Ball, location: 2F
0-2: Ball
1-2: Ball
2-2: Strikes out looking
Batting: LHB Bob Melley 0-0: Ground out U3 (Groundball, 3, EV 80.6 MPH)
Batting: RHB Josh Hamilton 0-0: Ball
1-0: Ball
2-0: Ball
3-0: Called Strike
3-1: Fly out, F8 (Flyball, 8RD, EV 106.3 MPH)
Top of the 4th over - 1 run, 1 hit, 0 errors, 0 left on base; Baltimore 2 - Boston 0
BOTTOM OF THE 4TH
Boston Red Sox batting - Pitching for Baltimore Orioles : LHP Randy Johnson Jr.
Batting: LHB Xavier Pittman 0-0: SINGLE (Line Drive, 3D, EV 98.8 MPH)
Batting: SHB Mark Rennie 0-0: Ball
1-0: Ball
2-0: Ball
3-0: Called Strike
3-1: Base on Balls
Xavier Pittman to second
Batting: RHB Chris Lane 0-0: Foul Ball, location: 2F
0-1: Called Strike
0-2: Ball
1-2: Ball
2-2: Ball
3-2: Grounds into double play, 5-4-3 (Groundball, 56S, EV 85.0 MPH)
Xavier Pittman to third
Batting: SHB Rich Chavez 0-0: Called Strike
0-1: Fly out, F9 (Line Drive, 9S, EV 88.8 MPH)
Bottom of the 4th over - 0 runs, 1 hit, 0 errors, 1 left on base; Baltimore 2 - Boston 0
TOP OF THE 5TH
Baltimore Orioles batting - Pitching for Boston Red Sox : LHP Ragnar Danielsson
Batting: RHB Ruben Garza 0-0: Ball
1-0: Swinging Strike
1-1: Foul Ball, location: 2F
1-2: Ball
2-2: Ball
3-2: Foul Ball, location: 2F
3-2: Ground out 3-1 (Groundball, 34, EV 91.9 MPH)
Batting: RHB Andres Leon 0-0: Swinging Strike
0-1: Ball
1-1: Called Strike
1-2: Foul Ball, location: 2F
1-2: Strikes out swinging
Batting: RHB Marc Peckermark 0-0: Ball
1-0: DOUBLE (Line Drive, 9LS, EV 93.8 MPH)
Batting: LHB Brad Pepin 0-0: Swinging Strike
0-1: Called Strike
0-2: Ball
1-2: Ball
2-2: Ball
3-2: Fly out, F7 (Flyball, 7, EV 91.3 MPH)
Top of the 5th over - 0 runs, 1 hit, 0 errors, 1 left on base; Baltimore 2 - Boston 0
BOTTOM OF THE 5TH
Boston Red Sox batting - Pitching for Baltimore Orioles : LHP Randy Johnson Jr.
Batting: RHB Manny Vergara 0-0: Ball
1-0: Ball
2-0: Ground out 1-3 (Groundball, 13, EV 65.0 MPH)
Batting: LHB Kevin McCormic Jr. 0-0: Ball
1-0: Called Strike
1-1: Fly out, F8 (Line Drive, 8RM, EV 87.5 MPH)
Batting: RHB Nick Esteves 0-0: Ball
1-0: Ground out 3-1 (Groundball, 34S, EV 86.9 MPH)
Bottom of the 5th over - 0 runs, 0 hits, 0 errors, 0 left on base; Baltimore 2 - Boston 0
TOP OF THE 6TH
Baltimore Orioles batting - Pitching for Boston Red Sox : LHP Ragnar Danielsson
Batting: SHB Jason Hayes 0-0: Called Strike
0-1: Ball
1-1: Fly out, F8 (Line Drive, 8LD, EV 85.6 MPH)
Pitching: RHP Danny Klomp
Batting: RHB Kevin Howard 0-0: Foul Ball, location: 2F
0-1: Ball
1-1: DOUBLE (Line Drive, 9LD, EV 101.9 MPH)
Batting: RHB Alex Rodriguez Jr. 0-0: Called Strike
0-1: Called Strike
0-2: Ball
1-2: Fly out, F8 (Flyball, 89M, EV 92.5 MPH)
Batting: LHB Bob Melley 0-0: Ground out 4-3 (Groundball, 4, EV 86.9 MPH)
Top of the 6th over - 0 runs, 1 hit, 0 errors, 1 left on base; Baltimore 2 - Boston 0
BOTTOM OF THE 6TH
Boston Red Sox batting - Pitching for Baltimore Orioles : LHP Randy Johnson Jr.
Batting: SHB Brace Harper 0-0: Ball
1-0: Foul Ball, location: 2F
1-1: Fly out, F7 (Flyball, 7LM, EV 85.0 MPH)
Batting: SHB Robbie Rogers 0-0: Fly out, F9 (Line Drive, 9D, EV 88.8 MPH)
Batting: LHB Xavier Pittman 0-0: Ground out 6-3 (Groundball, 6MS, EV 86.3 MPH)
Bottom of the 6th over - 0 runs, 0 hits, 0 errors, 0 left on base; Baltimore 2 - Boston 0
TOP OF THE 7TH
Baltimore Orioles batting - Pitching for Boston Red Sox : RHP Danny Klomp
Batting: RHB Josh Hamilton 0-0: Ball
1-0: Called Strike
1-1: Ball
2-1: Called Strike
2-2: Strikes out swinging
Batting: RHB Ruben Garza 0-0: Called Strike
0-1: Foul Ball, location: 2F
0-2: Ground out 3-1 (Groundball, 34S, EV 72.5 MPH)
Batting: RHB Andres Leon 0-0: Swinging Strike
0-1: Called Strike
0-2: Ball
1-2: Foul Ball, location: 2F
1-2: Ball
2-2: Strikes out looking
Top of the 7th over - 0 runs, 0 hits, 0 errors, 0 left on base; Baltimore 2 - Boston 0
BOTTOM OF THE 7TH
Boston Red Sox batting - Pitching for Baltimore Orioles : LHP Randy Johnson Jr.
Batting: SHB Mark Rennie 0-0: Ball
1-0: Foul Ball, location: 2F
1-1: Called Strike
1-2: Ball
2-2: Ball
3-2: Foul Ball, location: 2F
3-2: Foul Ball, location: 2F
3-2: Foul Ball, location: 2F
3-2: Foul Ball, location: 2F
3-2: Ground out 6-3 (Groundball, 6MS, EV 95.0 MPH)
Batting: RHB Chris Lane 0-0: Ball
1-0: Ball
2-0: Ground out 1-4-3 (Groundball, 15S, EV 99.4 MPH)
Batting: SHB Rich Chavez 0-0: Ball
1-0: Ball
2-0: Swinging Strike
2-1: Ball
3-1: DOUBLE (Flyball, 8RXD, EV 107.5 MPH)
Batting: RHB Manny Vergara 0-0: SINGLE (Line Drive, 78S, EV 105.0 MPH)
Rich Chavez to third
Batting: LHB Kevin McCormic Jr. 0-0: Called Strike
0-1: DOUBLE (Line Drive, 9LM, EV 97.5 MPH)
Rich Chavez scores
Manny Vergara to third
Batting: RHB Nick Esteves 0-0: Called Strike
0-1: Ball
1-1: DOUBLE (Flyball, 78D, EV 93.8 MPH)
Manny Vergara scores
Kevin McCormic Jr. scores
Batting: SHB Brace Harper 0-0: Swinging Strike
0-1: Ground out 5-3 (Groundball, 5, EV 76.9 MPH)
Bottom of the 7th over - 3 runs, 4 hits, 0 errors, 1 left on base; Baltimore 2 - Boston 3
TOP OF THE 8TH
Baltimore Orioles batting - Pitching for Boston Red Sox : RHP Danny Klomp
Now in RF: Shoichi Aso
Batting: RHB Marc Peckermark 0-0: Swinging Strike
0-1: Foul Ball, location: 2F
0-2: Ball
1-2: Strikes out swinging
Pitching: LHP Mike Nimmo
Pinch Hitting: RHB Saimei Kudo 0-0: Swinging Strike
0-1: Foul Ball, location: 2F
0-2: Strikes out swinging
Batting: SHB Jason Hayes 0-0: Fly out, F3 (Popup, 3SF, EV 69.4 MPH)
Top of the 8th over - 0 runs, 0 hits, 0 errors, 0 left on base; Baltimore 2 - Boston 3
BOTTOM OF THE 8TH
Boston Red Sox batting - Pitching for Baltimore Orioles : LHP Randy Johnson Jr.
Now in RF: Saimei Kudo
Batting: SHB Robbie Rogers 0-0: Ground out U3 (Groundball, 3L, EV 78.1 MPH)
Batting: LHB Xavier Pittman 0-0: Ball
1-0: Ground out 4-3 (Groundball, 4, EV 96.3 MPH)
Batting: SHB Mark Rennie 0-0: Called Strike
0-1: Called Strike
0-2: Ball
1-2: Ball
2-2: Ground out 5-3 (Groundball, 56S, EV 85.6 MPH)
Bottom of the 8th over - 0 runs, 0 hits, 0 errors, 0 left on base; Baltimore 2 - Boston 3
TOP OF THE 9TH
Baltimore Orioles batting - Pitching for Boston Red Sox : LHP Mike Nimmo
Pitching: RHP Max Blankenship
Batting: RHB Kevin Howard 0-0: Called Strike
0-1: Called Strike
0-2: Ball
1-2: SINGLE (Line Drive, 9LM, EV 90.6 MPH)
Batting: RHB Alex Rodriguez Jr. 0-0: Ball
1-0: Sac Bunt to 5S - play at first, batter OUT! 5-4
Kevin Howard to second
Batting: LHB Bob Melley 0-0: Ball
1-0: Swinging Strike
1-1: Ball
2-1: Swinging Strike
2-2: Ball
3-2: Base on Balls
Pinch Hitting: LHB Stu Sornson 0-0: Ball
1-0: SINGLE (Groundball, 34D, EV 103.8 MPH)
Kevin Howard to third
Bob Melley to second
Pinch Hitting: LHB Paul Diaz 0-0: GRAND SLAM HOME RUN (Flyball, 9D, EV 101.9 MPH), Distance : 399 ft
Pitching: LHP Adam Schneidewind
Batting: RHB Andres Leon 0-0: Called Strike
0-1: Ball
1-1: Called Strike
1-2: Foul Ball, location: 2F
1-2: Ball
2-2: Strikes out swinging
Batting: RHB Marc Peckermark 0-0: Hit by Pitch
Batting: RHB Saimei Kudo 0-0: Ball
1-0: Swinging Strike
1-1: Ball
2-1: Foul Ball, location: 2F
2-2: Foul Ball, location: 2F
2-2: Strikes out swinging
Top of the 9th over - 4 runs, 3 hits, 0 errors, 1 left on base; Baltimore 6 - Boston 3
BOTTOM OF THE 9TH
Boston Red Sox batting - Pitching for Baltimore Orioles : LHP Randy Johnson Jr.
Pitching: RHP Errol Dondale
Now at C: Jesus Luque
Now at 1B: Paul Diaz
Now at 2B: Andres Leon
Batting: RHB Chris Lane 0-0: Ball
1-0: Foul Ball, location: 2F
1-1: SINGLE (Flyball, 89S, EV 94.4 MPH)
Batting: SHB Rich Chavez 0-0: Ball
1-0: Ball
2-0: Called Strike
2-1: Foul Ball, location: 2F
2-2: Ball
3-2: Foul Ball, location: 2F
3-2: Fly out, F9 (Flyball, 89S, EV 87.5 MPH)
Pinch Hitting: LHB Brian Gray 0-0: Called Strike
0-1: Fly out, F4 (Flyball, 34D, EV 86.9 MPH)
Batting: LHB Shoichi Aso 0-0: Swinging Strike
0-1: Ball
1-1: Foul Ball, location: 2F
1-2: Strikes out swinging
Bottom of the 9th over - 0 runs, 1 hit, 0 errors, 1 left on base; Baltimore 6 - Boston 3
Thursday, March 31st , 2022 - OOTP Baseball 22.12 Build 89